Map: Terraform LE (Void)

Players

HzVee

  • Race: Protoss Protoss

alienbaby - Winner!

  • Race: Terran Terran
  • League: Bronze

VOD

Have the link to the VOD?

Description

Time

  • Played on: Oct. 2, 2015, 3:03 a.m.
  • Length: 8:52
Show
View Real Time Build Order
Export as new Build Order

HzVee Protoss 

Build Orders:  

Get SALT Encoding   

  12  0:01  Probe (Chrono Boost)  
  13  0:11  Probe (Chrono Boost)  
  14  0:21  Probe (Chrono Boost)  
  14  0:23  Pylon  
  15  0:37  Assimilator  
  15  0:41  Probe (Chrono Boost)  
  16  0:45  Gateway  
  16  0:51  Probe (Chrono Boost)  
  17  1:02  Probe (Chrono Boost)  
  18  1:12  Probe (Chrono Boost), Gateway  
  19  1:19  Pylon  
  19  1:29  Probe (Chrono Boost)  
  20  1:34  Zealot  
  20  1:39  Pylon  
  21  1:45  Cybernetics Core  
  21  2:09  Gateway  
  21  2:14  Zealot x2  
  25  2:26  Warp Gate (Chrono Boost)  
  25  2:28  Pylon  
  25  2:41  Adept x2  
  29  2:49  Assimilator  
  29  2:57  Adept  
  31  3:08  Mothership Core  
  33  3:32  Adept x2  
  33  3:34  Adept  
  39  3:50  Pylon  
  39  3:53  Nexus  
  39  3:56  Pylon  
  39  4:40  Adept x2  
  39  4:41  Pylon  
  38  5:02  Stalker  
  38  5:03  Probe  
  41  5:13  Probe  
  42  5:23  Probe  
  43  5:31  Stalker x3  
  43  5:33  Probe  
  49  5:36  Pylon  
  49  5:40  Probe  
  51  5:43  Probe  
  52  5:52  Probe  
  52  5:53  Probe  
  54  5:59  Pylon  
  54  6:03  Probe  
  55  6:13  Stalker x2, Probe  
  60  6:19  Probe  
  60  6:23  Probe  
  62  6:31  Probe  
  63  6:39  Robotics Facility  
  63  6:51  Probe  
  64  7:00  Assimilator  
  64  7:01  Probe  
  64  7:03  Assimilator  
  64  7:04  Stalker  
  64  7:05  Stalker x2  
  67  7:32  Stalker x2  
  67  7:36  Immortal (Chrono Boost)  
  75  7:45  Probe  
  76  7:57  Probe  
  77  7:59  Pylon  
  77  8:01  Forge  
  74  8:09  Probe  
  55  8:21  Stalker x2, Probe  
  55  8:22  Stalker  
  62  8:33  Probe  
Show
View Real Time Build Order
Export as new Build Order

alienbaby Terran - Winner!

Build Orders:  

Get SALT Encoding   

  12  0:01  SCV  
  13  0:13  SCV  
  14  0:19  Supply Depot  
  14  0:25  SCV  
  15  0:30  Refinery  
  15  0:41  SCV  
  16  0:49  Barracks  
  16  0:53  SCV  
  17  1:04  Barracks  
  17  1:25  SCV  
  18  1:42  Bunker  
  18  1:43  Reaper  
  18  1:44  Orbital Command  
  19  2:01  Reaper  
  19  2:06  Refinery  
  20  2:19  Reaper  
  21  2:26  Supply Depot  
  21  2:43  Reaper  
  22  2:52  Supply Depot  
  22  3:01  SCV  
  22  3:02  Marine  
  24  3:10  Command Center  
  24  3:13  SCV  
  24  3:19  Factory  
  25  3:23  Marine  
  26  3:34  Marine  
  26  3:41  Marine  
  28  3:45  SCV  
  29  3:53  Barracks Tech Lab  
  29  3:57  SCV  
  30  4:09  SCV  
  30  4:30  Orbital Command  
  30  4:31  Siege Tank  
  30  5:15  Siege Tank  
  30  5:18  SCV  
  30  5:19  Factory  
  34  5:25  Marine  
  35  5:31  SCV  
  35  5:32  Starport  
  36  5:43  SCV, Marine  
  36  5:44  SCV  
  39  5:55  SCV  
  39  5:56  SCV  
  41  6:00  Marine  
  42  6:07  SCV  
  42  6:08  SCV  
  42  6:11  Factory Tech Lab, Siege Tank  
  47  6:12  Starport Tech Lab  
  47  6:13  Orbital Command  
  47  6:16  Supply Depot  
  47  6:18  Supply Depot, Marine  
  47  6:19  Supply Depot  
  48  6:31  Banshee, Cloaking Field  
  48  6:52  Siege Tank  
  48  6:53  Siege Tank  
  54  7:22  Viking  
Tags
 
Add a new tag
Caveats
  • Supply blocks, unpowered buildings, or Contaminate may cause inaccurate times.
  • Supply counts are checked every 10 seconds.